AoeStats
← dorine6

Arena

509394764Analyzed
1v1 RM · 6d ago on Sep 26, 2026· 33m 11s· 2 players
Game mode
Random Map
Map size
Tiny (2 player)
Population
200
Speed
Normal
Resources
Standard
Victory
Conquest
Starting age
Dark Age
Ending age
Imperial Age
RankedLock teamsTeams togetherTeam positionsShared explorationLock speedFull tech treeHidden civsTurbo modeCheats
Victory
Defeat
🇺🇸 Jurchens · United States
706
+15
🇫🇷 Shu · France
676
-33
dorine6
4:51 Loom
13:02 Feudal Age
18:15 Castle Age
16:28 Fletching
20:09 Double-Bit Axe
20:05 Horse Collar
21:13 Pikeman
30:06 Gold Mining
Llamaliam3831
11:23 Feudal Age
13:15 Wheelbarrow
16:41 Castle Age
15:29 Horse Collar
15:41 Double-Bit Axe
16:58 Loom
Connection lost

Rejoining the realm…

Still unreachable

The connection could not be restored.

Session expired

The server has moved on; the page needs a fresh start.